 Dungeon Crawl Stone Soup version 0.21-a0-49-g7bf2ba4 (webtiles) character file.

95 roguesci the Insei (level 4, -4/35 HPs)
             Began as a Gnoll Transmuter on June 9, 2017.
             Was an Initiate of Makhleb.
             Slain by an orc
             ... wielding a +0 trident
              (6 damage)
             ... on level 3 of the Dungeon.
             The game lasted 00:05:28 (2012 turns).

roguesci the Insei (Gnoll Transmuter)               Turns: 2012, Time: 00:05:29

Health: -4/35      AC:  2    Str:  9    XL:     4   Next: 66%
Magic:  5/10       EV: 23    Int: 14    God:    Makhleb [......]
Gold:   179        SH:  0    Dex: 19    Spells: 8/12 levels left

rFire    . . .     SeeInvis .     - Unarmed
rCold    . . .     Gourm    .   (shield currently unavailable)
rNeg     . . .     Faith    .   (armour currently unavailable)
rPois    x         Spirit   .   (helmet currently unavailable)
rElec    .         Reflect  .   (cloak currently unavailable)
rCorr    .         Harm     .   (gloves currently unavailable)
MR       .....                  (boots currently unavailable)
Stlth    ++........             e - amulet of magic regeneration
Regen    0.2/turn               (no ring)
MPRegen  0.2/turn               (no ring)

@: spider-form, very slightly contaminated
A: short attention span, strong nose
a: End Transformation, Renounce Religion


You were on level 3 of the Dungeon.
You worshipped Makhleb.
Makhleb was noncommittal.
You were hungry.
You were a venomous arachnid creature.
You visited 1 branch of the dungeon, and saw 3 of its levels.

You collected 179 gold pieces.

Inventory:

Missiles
 f - 42 stones (quivered)
Armour
 b - a +0 robe (melded)
Jewellery
 e - an amulet of magic regeneration (around neck)
Wands
 o - a wand of confusion (4/48)
Scrolls
 a - a scroll of enchant armour {unknown}
 h - a scroll of blinking {unknown}
 i - 2 scrolls of remove curse {unknown}
 l - a scroll of magic mapping {unknown}
 n - 2 scrolls of identify {unknown}
 r - a scroll of immolation {unknown}
Potions
 k - 4 potions of curing {unknown}
 m - a potion of invisibility {unknown}
 p - 2 potions of might {unknown}
 q - a potion of cancellation {unknown}
 t - 2 potions of flight {unknown}
Books
 c - a book of Changes

   Spells                             Type                      Level
   a - Beastly Appendage              Transmutation                1
   b - Sticks to Snakes               Transmutation                2
   c - Spider Form                    Transmutation/Poison         3
   d - Ice Form                       Ice/Transmutation            4
   e - Blade Hands                    Transmutation                5
Comestibles
 d - a bread ration
 g - 3 meat rations
 j - 6 fruits


   Skills:
 * Level 3.2 Fighting
 * Level 4.6 Dodging
 + Level 1.9 Stealth
 + Level 5.4 Unarmed Combat
 * Level 4.8 Spellcasting
 + Level 3.6 Transmutations
 + Level 0.9 Poison Magic


You had 8 spell levels left.
You knew the following spells:

 Your Spells              Type           Power        Failure   Level  Hunger
a - Beastly Appendage     Tmut           ##....       13%         1    None
b - Spider Form           Tmut/Pois      #.........   41%         3    ###....


Dungeon Overview and Level Annotations

Branches:
Dungeon (3/15)

Altars:
Makhleb
Vehumet


Innate Abilities, Weirdness & Mutations

You have a short attention span.
((You have very sharp teeth.))
Your uncanny sense of smell can sniff out nearby items.


Message History

The magic dart hits you!
* * * LOW HITPOINT WARNING * * *
You hit the orc wizard but do no damage.
The orc wizard is poisoned.
The orc wizard closely misses you.
You miss the orc wizard.
The orc wizard is lightly wounded.
The orc wizard hits you with a dagger.
* * * LOW HITPOINT WARNING * * *
The orc wizard completely misses you.
You hit the orc wizard but do no damage.
The orc wizard looks as sick as possible!
The orc wizard is lightly wounded.
The orc closely misses you. The orc wizard hits you with a dagger.
* * * LOW HITPOINT WARNING * * *
You hit the orc wizard.
The orc wizard looks as sick as possible!
The orc wizard is moderately wounded.
The orc wizard closely misses you.
The orc hits you from afar with a trident.
You die...

.........#
#..........
#######.##
###########
#######(#######
............... .
#######.#######
..#######.).....#
..........#####.#
.......o..# #
.......s.(#
..........#
.......o..#
..........#
..........#
..........#
...........
............


You could see an orc wizard and an orc.

Vanquished Creatures
  Jessica (D:2)
  3 adders (D:2)
  A dart slug (D:1)
  2 orcs (D:3)
  2 bats
  2 giant cockroaches (D:1)
  5 goblins
  4 hobgoblins
  3 jackals (D:2)
  4 kobolds
  6 frilled lizards
  7 rats
40 creatures vanquished.

Notes
Turn   | Place    | Note
-------+----------+-------------------------------------------
     0 | D:1      | roguesci the Gnoll Transmuter began the quest for the Orb.
     0 | D:1      | Reached XP level 1. HP: 16/16 MP: 5/5
   137 | D:1      | Reached XP level 2. HP: 20/22 MP: 6/6
   233 | D:1      | Reached skill level 5 in Unarmed Combat
   918 | D:2      | Reached skill level 1 in Stealth
  1031 | D:2      | Found a radiant altar of Vehumet.
  1031 | D:2      | Found a burning altar of Makhleb.
  1069 | D:2      | Reached XP level 3. HP: 22/27 MP: 8/8
  1079 | D:2      | Learned a level 3 spell: Spider Form
  1248 | D:2      | Became a worshipper of Makhleb the Destroyer
  1349 | D:2      | Noticed Jessica
  1359 | D:2      | Killed Jessica
  1446 | D:2      | Reached XP level 4. HP: 27/34 MP: 10/10
  2012 | D:3      | Slain by an orc

Vault maps used:
D:1:      minmay_arrival_loop, hangedman_abyss_or_decor_stabs
D:2:      chequers_temple_overflow_statue_of_worship, roderic_st_hans_cross,
          serial_bayou_lagoon_a, uniq_jessica

Skill      XL: |  1  2  3  4 |
---------------+-------------+-----
Fighting       | 2 3 |  3.2
Unarmed Combat | 5 |  5.4
Stealth        | 1 |  1.9
Dodging        | 4 |  4.6
Spellcasting   | 4 |  4.8
Transmutations | |  3.6
Poison Magic   | |  0.9

Action                   |  1- 3 |  4- 6 || total
-------------------------+-------+-------++-------
Melee: Unarmed           |    91 |    46 ||   137
       Bite              |    11 |     3 ||    14
       Headbutt          |     2 |       ||     2
       Punch             |     1 |     1 ||     2
 Cast: Beastly Appendage |     4 |       ||     4
       Spider Form       |     1 |     3 ||     4
 Stab: Sleeping          |     3 |       ||     3
  Eat: Chunk             |     1 |     2 ||     3
Armor: Robe              |     8 |     4 ||    12
Dodge: Dodged            |    60 |    35 ||    95
